 Dungeon Crawl Stone Soup version 0.29-a0-371-g91724d5b39 (webtiles) character file.

Game seed: 2171454276312839220

1470 Antichthon the Cudgeller (level 8, 0/49 HPs)
             Began as a Gargoyle Fighter on May 2, 2022.
             Slain by a komodo dragon (21 damage)
             ... on level 6 of the Dungeon.
             The game lasted 00:06:38 (6283 turns).

Antichthon the Cudgeller (Gargoyle Fighter)         Turns: 6283, Time: 00:06:39

Health: 0/49       AC: 19    Str: 20    XL:     8   Next: 78%
Magic:  10/10      EV: 12    Int: 11    God:
Gold:   364        SH:  4    Dex:  9    Spells: 7/7 levels left

rFire   . . .      SeeInvis .   a - +0 morningstar
rCold   . . .      Faith    .   c - +0 buckler
rNeg    + . .      Spirit   .   g - +0 chain mail
rPois   ∞          Reflect  .   (no helmet)
rElec   +          Harm     .   (no cloak)
rCorr   +          Rampage  .   i - +0 pair of gloves
Will    .....                   n - +1 pair of boots
Stlth   ..........              (no amulet)
HPRegen 0.16/turn               p - ring of resist corrosion
MPRegen 0.12/turn               r - +4 ring of evasion

@: no status effects
A: sickness immunity, AC +5, negative energy resistance 1, electricity
resistance, torment resistance 1, petrification resistance
a: no special abilities


You were on level 6 of the Dungeon.
You visited 1 branch of the dungeon, and saw 6 of its levels.

You collected 364 gold pieces.

Inventory:

Hand Weapons
 a - a +0 morningstar (weapon)
Armour
 c - a +0 buckler (worn)
 g - a +0 chain mail (worn)
 i - a +0 pair of gloves (worn)
 n - a +1 pair of boots (worn)
Jewellery
 p - a ring of resist corrosion (left hand)
 r - a +4 ring of evasion (right hand)
Wands
 q - a wand of paralysis (10)
 t - a wand of flame (23)
Scrolls
 e - 4 scrolls of torment
 f - 4 scrolls of teleportation
 l - a scroll of fog
 m - 3 scrolls of fear
 s - 2 scrolls of enchant armour
Potions
 b - 2 potions of heal wounds
 d - 5 potions of might
 h - 2 potions of curing
 j - 2 potions of lignification
 k - 3 potions of flight
 o - a potion of haste {unknown}


   Skills:
 * Level 5.2 Fighting
 * Level 6.7 Maces & Flails
 * Level 6.0 Armour
 * Level 2.4 Dodging
 * Level 5.1 Shields
 * Level 3.3 Invocations


You had 7 spell levels left.
You didn't know any spells.
Your spell library contained the following spells:

 Spells                   Type           Power      Damage    Failure   Level
 Blink                    Tloc           0%         N/A       99%         2
 Frozen Ramparts          Ice            0%         1d2       100%        3
 Ice Form                 Ice/Tmut       0%         N/A       100%        4
 Summon Ice Beast         Ice/Summ       0%         N/A       100%        4
 Manifold Assault         Tloc           0%         N/A       100%        5
 Storm Form               Tmut/Air       0%         N/A       100%        7


Dungeon Overview and Level Annotations

Branches:
Dungeon (6/15)
 Temple: D:4-7

Altars:
Elyvilon
Fedhas
Hepliaklqana
Xom
Yredelemnul

Annotations:
D:4 2 transporters, RandomusNamus's ghost, amateur OpTm


Innate Abilities, Weirdness & Mutations

You are immune to sickness and miasma.
Your stone body is resilient. (AC +5)
You are immune to poison.
You resist negative energy. (rN+)
You are resistant to electric shocks. (rElec)
You are resistant to unholy torment.
You are immune to petrification.


Message History

The sky beast misses you.
You sock the sky beast!
You kill the sky beast!
Your Armour skill increases to level 6!
You enter the shallow water.
Moving in this stuff is going to be slow.
You see here a sky beast corpse.
A komodo dragon comes into view.
The komodo dragon closely misses you.
You sock the komodo dragon!
The komodo dragon is moderately wounded.
The komodo dragon barely misses you.
You puncture the komodo dragon!
The komodo dragon is heavily wounded.
The komodo dragon bites you.
You barely miss the komodo dragon.
The komodo dragon is heavily wounded.
The komodo dragon barely misses you.
You closely miss the komodo dragon.
The komodo dragon is heavily wounded.
The komodo dragon closely misses you.
You barely miss the komodo dragon.
The komodo dragon is heavily wounded.
The komodo dragon bites you! The komodo dragon closely misses you.
You hit the komodo dragon but do no damage.
The komodo dragon is heavily wounded.
The komodo dragon bites you!
You hit the komodo dragon but do no damage.
The komodo dragon is heavily wounded.
The komodo dragon misses you.
You barely miss the komodo dragon.
The komodo dragon is heavily wounded.
The komodo dragon bites you.
You hit the komodo dragon.
The komodo dragon is heavily wounded.
You block the komodo dragon's attack.
You sock the komodo dragon!
The komodo dragon is severely wounded.
The komodo dragon bites you!!
You die...

#.......#
#.......#
#<......####
#..........# ###
######...#.....#
###.#####.#
...... #....##.#
.......
####†≈#.#
#........
##@#.###........
#.l...........
##..#.........
##.#......##
#.........##
###.....>..#
##....#..##
##...#...###.
###.#.........


You could see a komodo dragon.

Vanquished Creatures
  Sigmund (D:5)
  A water moccasin (D:5)
  An orc warrior (D:5)
  A sky beast (D:6)
  An ogre (D:5)
  A phantom (D:4)
  A bullfrog (D:4)
  6 killer bees (D:5)
  3 hounds (D:5)
  3 jellies
  An orc priest (D:5)
  An iguana (D:5)
  3 orc wizards (D:5)
  8 gnolls
  5 adders
  A shadow imp (D:5)
  An ufetubus (D:6)
  2 worms (D:2)
  5 dart slugs
  10 orcs (D:5)
  8 endoplasms
  2 giant cockroaches
  4 goblins
  9 hobgoblins
  7 quokkas
  5 ball pythons
  7 bats
  A frilled lizard (D:1)
  7 kobolds
  2 rats (D:3)
  A spectral orc (D:3)
109 creatures vanquished.

Vanquished Creatures (others)
  A butterfly (D:5)
1 creature vanquished.

Grand Total: 110 creatures vanquished

Notes
Turn   | Place    | Note
-------+----------+-------------------------------------------
     0 | D:1      | Antichthon the Gargoyle Fighter began the quest for the
                  | Orb.
     0 | D:1      | Reached XP level 1. HP: 14/14 MP: 1/1
   329 | D:1      | Reached XP level 2. HP: 10/19 MP: 2/2
  1409 | D:1      | Found a faded altar of an unknown god.
  1496 | D:2      | Reached XP level 3. HP: 20/23 MP: 3/3
  1620 | D:2      | Found a shimmering altar of Xom.
  1861 | D:2      | Reached skill level 1 in Invocations
  2108 | D:2      | Reached XP level 4. HP: 22/29 MP: 4/4
  3396 | D:3      | Found a basalt altar of Yredelemnul.
  3506 | D:4      | Reached skill level 1 in Dodging
  3506 | D:4      | Reached XP level 5. HP: 32/33 MP: 5/5
  3673 | D:4      | Found a transporter.
  3809 | D:4      | Found a transporter.
  3812 | D:4      | Noticed RandomusNamus's ghost (amateur OpTm)
  3820 | D:4      | Noticed a phantom
  3836 | D:4      | Killed a phantom
  3899 | D:4      | Reached XP level 6. HP: 34/38 MP: 7/7
  4348 | D:4      | Found a hazy altar of Hepliaklqana.
  4755 | D:5      | Entered Level 5 of the Dungeon
  4764 | D:5      | Noticed a water moccasin
  4779 | D:5      | Killed a water moccasin
  4780 | D:5      | Reached XP level 7. HP: 35/44 MP: 8/8
  5063 | D:5      | Reached skill level 5 in Maces & Flails
  5083 | D:5      | Reached skill level 5 in Armour
  5097 | D:5      | Reached XP level 8. HP: 22/48 MP: 8/10
  5374 | D:5      | Found a blossoming altar of Fedhas.
  5517 | D:5      | Noticed Sigmund
  5526 | D:5      | Killed Sigmund
  5656 | D:5      | Found a white marble altar of Elyvilon.
  5680 | D:5      | Reached skill level 5 in Fighting
  5699 | D:5      | Reached skill level 5 in Shields
  6272 | D:6      | Noticed a komodo dragon
  6283 | D:6      | Slain by a komodo dragon

Illustrated notes

Levels and vault maps discovered:
D:1:      moated_graveyard_arrival, layout_loops_cross,
          shapermc_ecumenical_altar_mp_vishouse
D:2:      layout_loops_ring, basic_altar, serial_glass, glass_columns_a,
          glass_columns_a, glass_columns_a, glass_columns_a, glass_columns_b,
          glass_columns_c
D:3:      layout_basic, yredelemnul_forgotten_temple_becter,
          dreamdust_mushroom_princess
D:4:      layout_basic, amcnicky_altar_gilded, gammafunk_ghost_stat_death,
          serial_park_tiny_1
D:5:      layout_loops_ring, fedhas_altar_2, nicolae_elyvilon_peaceful_grove,
          uniq_sigmund
D:6:      minmay_chambers_of_sixes, layout_rooms, minitemple,
          nicolae_sif_muna_little_library, temple_hall,
          nicolae_figureground_sparkle, uniq_duvessa, uniq_prince_ribbit1

Skill      XL: |  1  2  3  4  5  6  7  8 |
---------------+-------------------------+-----
Invocations    | 1 2 3 |  3.3
Maces & Flails | 3 4 5 6 |  6.7
Dodging        | 1 2 |  2.4
Fighting       | 4 5 |  5.2
Armour         | 4 5 6 |  6.0
Shields        | 4 5 |  5.1

Action                   |  1- 3 |  4- 6 |  7- 9 || total
-------------------------+-------+-------+-------++-------
Melee: Flail             |   132 |   140 |       ||   272
       Morningstar       |       |    23 |   238 ||   261
  Use: Scroll            |     4 |     9 |     1 ||    14
       Potion            |       |       |     3 ||     3
Armor: Scale mail        |    51 |       |       ||    51
       Chain mail        |   117 |   114 |   183 ||   414
Dodge: Dodged            |   102 |    53 |   116 ||   271
Block: Buckler           |    48 |    44 |    46 ||   138

Table legend: (Time is in decaauts)
 A = Elapsed time spent in this place.
 B = Non-inter-level travel time spent in this place.
 C = Inter-level travel time spent in this place.
 D = Time resting spent in this place.
 E = Time spent auto-exploring this place.
 F = Levels seen in this place.
 G = Mean time per level.
                   A        B        C        D        E       F      G
               +--------+--------+--------+--------+--------+-----+--------+
         Total |   6432 |   6276 |    156 |      0 |   4951 |   6 | 1072.0 |
       Dungeon |   6432 |   6276 |    156 |      0 |   4951 |   6 | 1072.0 |
               +--------+--------+--------+--------+--------+-----+--------+

Top non-repeatable levels by time:
     D:1: 1513 daAuts
     D:5: 1471 daAuts
     D:4: 1337 daAuts
     D:2: 1181 daAuts
     D:3: 806 daAuts
     D:6: 122 daAuts
